 Dungeon Crawl Stone Soup version 0.22-a0-93-g6b88ebb (console) character file.

668 removed the Ruffian (level 7, 18/55 HPs)
             Began as a Demonspawn Artificer on Jan 23, 2018.
             Was an Initiate of Ru.
             Quit the game on level 4 of the Dungeon.
             The game lasted 00:17:39 (5195 turns).

removed the Ruffian (Demonspawn Artificer)          Turns: 5195, Time: 00:17:39

Health: 18/55      AC:  7    Str: 18    XL:     7   Next: 32%
Magic:  9/9        EV: 13    Int: 13    God:    Ru [......]
Gold:   196        SH:  0    Dex: 13    Spells: 6/6 levels left

rFire    . . .     SeeInvis .     - Unarmed
rCold    . . .     Gourm    .   (no shield)
rNeg     . . .     Faith    .   b - +0 leather armour
rPois    .         Spirit   .   s - +2 hat
rElec    .         Reflect  .   (no cloak)
rCorr    .         Harm     .   (no gloves)
MR       .....                  l - +1 pair of boots
Stlth    +.........             (no amulet)
HPRegen  0.18/turn              u - +4 ring of strength
MPRegen  0.11/turn              (no ring)

@: no status effects
A: antennae 1, talons 2, foul stench 1, rot immunity
a: Renounce Religion


You were on level 4 of the Dungeon.
You worshipped Ru.
Ru was noncommittal.
You were not hungry.

You visited 1 branch of the dungeon, and saw 4 of its levels.

You collected 196 gold pieces.

Inventory:

Hand Weapons
 a - a +1 short sword
Armour
 b - a +0 leather armour (worn)
 l - a +1 pair of boots (worn)
 s - a +2 hat (worn)
Magical Staves
 v - an uncursed staff of energy {unknown}
 z - an uncursed staff of conjuration {unknown}
Jewellery
 u - a +4 ring of strength (left hand)
 E - a +3 amulet of reflection {unknown}
Wands
 c - a wand of flame (42)
 e - a wand of random effects (9)
 D - a wand of digging (7)
Scrolls
 m - a scroll of remove curse
 B - 2 scrolls of teleportation
 C - a scroll of blinking
 F - a scroll of identify
Potions
 j - 2 potions of flight
 n - a potion of mutation
 t - a potion of haste {unknown}
 x - a potion of degeneration {unknown}
Comestibles
 f - 3 rations


   Skills:
 - Level 4.6 Fighting
 - Level 0.8 Short Blades
 - Level 3.2 Dodging
 - Level 0.8 Stealth
 + Level 5.1 Unarmed Combat
 - Level 3.0 Evocations


You had 6 spell levels left.
You didn't know any spells.

Dungeon Overview and Level Annotations

Branches:
Dungeon (4/15)             Temple (0/1) D:4

Altars:
Okawaru
Ru

Annotations:
D:3 Shrek's ghost, amateur OgAK
D:4 Edmund; Grinder


Innate Abilities, Weirdness & Mutations

You have a pair of small antennae on your head.
You have razor-sharp toenails.
You may emit foul miasma when damaged in melee.
You are immune to rotting.


Message History

You closely miss the river rat.
The river rat is almost dead.
The worm bites you.
You are too injured to fight recklessly!
You punch the river rat!
You kill the river rat!
You are too injured to fight recklessly!
You hit the rat.
You kill the rat!
The worm barely misses you.
All of the chunks of flesh in your inventory have rotted away.
Things that are here:
a river rat corpse x2; a ball python corpse You are too injured to fight recklessly!
You are too injured to fight recklessly!
The worm closely misses you.
Things that are here:
a river rat corpse x2; a ball python corpse You hit the worm but do no damage.
Are you sure you want to abandon this character and quit the game? (Confirm with "yes".)

####### #≈≈≈≈.#
#.≈≈≈≈# #.≈≈≈≈#
#..≈≈≈# #...≈≈#
#....# ### #@####
..# #w# ..# #.#
..# #.# ..# ##.#
..# #..# ..##
#######.## ...#
#.......#
.#.######.#####.#


You could see a worm.

Vanquished Creatures
  Sigmund (D:4)
  The ghost of Amnesiac the Conjurer, an amateur GrCj (D:4)
  A sky beast (D:3)
  Blork the orc (D:4)
  A howler monkey (D:4)
  An iguana (D:4)
  A worker ant (D:4)
  Terence (D:2)
  5 adders
  3 river rats (D:4)
  An ooze (D:1)
  A dart slug (D:2)
  7 leopard geckos
  4 orcs (D:4)
  6 ball pythons
  2 bats
  3 giant cockroaches
  8 hobgoblins
  3 jackals (D:1)
  2 frilled lizards (D:1)
  6 goblins
  16 kobolds
  8 rats
83 creatures vanquished.

Vanquished Creatures (collateral kills)
  A hound skeleton (D:4)
  An adder (D:2)
2 creatures vanquished.

Vanquished Creatures (others)
  2 plants (D:3)
2 creatures vanquished.

Grand Total: 87 creatures vanquished

Notes
Turn   | Place    | Note
-------+----------+-------------------------------------------
     0 | D:1      | removed the Demonspawn Artificer began the quest for the Orb.
     0 | D:1      | Reached XP level 1. HP: 15/15 MP: 3/3
   282 | D:1      | Gained mutation: You are immune to rotting. [demonic ancestry]
   282 | D:1      | Reached XP level 2. HP: 19/22 MP: 4/4
   908 | D:1      | Gained mutation: You may emit foul miasma when damaged in melee. [demonic ancestry]
   908 | D:1      | Reached XP level 3. HP: 27/29 MP: 5/5
  2148 | D:2      | Noticed Terence
  2346 | D:2      | Killed Terence
  2346 | D:2      | Reached XP level 4. HP: 28/35 MP: 6/6
  3009 | D:3      | Noticed a sky beast
  3151 | D:3      | Noticed Shrek's ghost (amateur OgAK)
  3583 | D:3      | Killed a sky beast
  3583 | D:3      | Gained mutation: You have sharp toenails. [demonic ancestry]
  3583 | D:3      | Reached XP level 5. HP: 24/43 MP: 7/7
  4125 | D:3      | Found an iron altar of Okawaru.
  4482 | D:4      | Noticed Sigmund
  4815 | D:4      | Reached skill level 1 in Unarmed Combat
  4901 | D:4      | Noticed Amnesiac's ghost (amateur GrCj)
  4925 | D:4      | Killed Amnesiac's ghost
  4925 | D:4      | Reached skill level 2 in Unarmed Combat
  4925 | D:4      | Gained mutation: You have razor-sharp toenails. [demonic ancestry]
  4925 | D:4      | Reached XP level 6. HP: 41/49 MP: 8/8
  4934 | D:4      | Noticed Blork the orc
  4945 | D:4      | Reached skill level 3 in Unarmed Combat
  4961 | D:4      | Found a sacrificial altar of Ru.
  4972 | D:4      | Killed Blork the orc
  4975 | D:4      | Became a worshipper of Ru the Awakened
  5027 | D:4      | Found a staircase to the Ecumenical Temple.
  5049 | D:4      | Noticed Grinder
  5053 | D:4      | Paralysed by Grinder for 5 turns
  5066 | D:4      | Reached skill level 4 in Unarmed Combat
  5074 | D:4      | Killed Sigmund
  5074 | D:4      | Gained mutation: You have a pair of small antennae on your head. [demonic ancestry]
  5074 | D:4      | Reached XP level 7. HP: 45/55 MP: 9/9
  5120 | D:4      | Noticed Edmund
  5175 | D:4      | Reached skill level 5 in Unarmed Combat
  5195 | D:4      | Quit the game

Vault maps used:
D:1:      saegor_arrival_simple_a
D:2:      minmay_misc_feat_hallway, uniq_terence
D:3:      nicolae_overflow_hidden_temple, serial_corexii_hall,
          corexii_hall_statues_t, corexii_hall_statues_s,
          corexii_hall_statues_i, corexii_hall_statues_i,
          lexackson_kobold_supper
D:4:      minmay_temple_entry_mist, portal_sewer_entry_b,
          nicolae_ru_path_of_blood, uniq_edmund, uniq_blork_the_orc,
          uniq_sigmund, uniq_grinder

Skill      XL: |  1  2  3  4  5  6  7 |
---------------+----------------------+-----
Fighting       | 2 3 4 |  4.6
Dodging        | 3 |  3.2
Unarmed Combat | 2 4 5 |  5.1
Short Blades   | |  0.8
Stealth        | |  0.8
Evocations     | |  3.0

Action                   |  1- 3 |  4- 6 |  7- 9 || total
-------------------------+-------+-------+-------++-------
Melee: Short sword       |   154 |   173 |       ||   327
       Unarmed           |       |       |    43 ||    43
       Punch             |       |       |     2 ||     2
Evoke: Wand              |     2 |    22 |       ||    24
  Use: Scroll            |       |     8 |       ||     8
       Potion            |       |     2 |       ||     2
 Stab: Paralysed         |       |     3 |       ||     3
  Eat: Chunk             |     4 |     6 |       ||    10
       Ration            |       |     1 |       ||     1
Armor: Leather armour    |    38 |    72 |     8 ||   118
Dodge: Dodged            |    97 |   134 |    26 ||   257

Table legend:
 A = Spawn XP
 B = Non-spawn XP
 C = Spawn XP percentage of total XP
 D = Spawn monster count
 E = Non-spawn monster count
 F = Spawn count percentage of total count
 G = Total turns spent on level
                    A         B        C        D         E        F      G
               +---------+---------+-------+---------+---------+-------+---------
         Total |       0 |     955 |   0.0 |       0 |      85 |   0.0 |  5195
               +---------+---------+-------+---------+---------+-------+---------
           D:1 |       0 |      53 |   0.0 |       0 |      29 |   0.0 |  1496
           D:2 |       0 |      85 |   0.0 |       0 |      15 |   0.0 |  1625
           D:3 |       0 |     168 |   0.0 |       0 |      19 |   0.0 |  1669
           D:4 |       0 |     649 |   0.0 |       0 |      22 |   0.0 |   405
               +---------+---------+-------+---------+---------+-------+---------
